 Dungeon Crawl Stone Soup version 0.30.0-15-g856e2d3f33 (webtiles) character file.

Game seed: 8738095550388316661

64 ProzacElf the Cudgeller (level 3, 0/27 HPs)
             Began as a Demonspawn Gladiator on May 18, 2023.
             Slain by a scorpion (2 damage)
             ... on level 3 of the Dungeon.
             The game lasted 00:03:36 (1518 turns).

ProzacElf the Cudgeller (Demonspawn Gladiator)      Turns: 1518, Time: 00:03:36

Health: 0/27       AC:  7    Str: 16    XL:     3   Next: 91%
Magic:  3/3        EV: 10    Int:  9    God:
Gold:   68         SH:  0    Dex: 14    Spells: 2/2 levels left

rFire   . . .        b - +1 spear (venom)
rCold   . . .        (no shield)
rNeg    . . .        j - +0 scale mail
rPois   .            c - +0 helmet
rElec   .            (no cloak)
rCorr   .            (no gloves)
SInv    .            (no boots)
Will    .....        q - amulet of the acrobat
Stlth   +            (no ring)
HPRegen 0.24/turn    (no ring)
MPRegen 0.08/turn

%: acrobat
@: no status effects
A: claws 2
a: no special abilities


You were on level 3 of the Dungeon.
You visited 1 branch of the dungeon, and saw 3 of its levels.

You collected 68 gold pieces.

Inventory:

Hand Weapons
 a - a +0 flail
 b - a +1 spear of venom (weapon)
 u - a +0 long sword
Missiles
 d - 3 throwing nets (quivered)
 e - a javelin
 g - 4 poisoned darts
 o - 4 atropa-tipped darts
 v - 5 boomerangs
Armour
 c - a +0 helmet (worn)
 j - a +0 scale mail (worn)
 p - a +0 leather armour
 x - a +0 plate armour
Jewellery
 q - an amulet of the acrobat (around neck)
Scrolls
 f - a scroll of teleportation {unknown}
 k - a scroll of enchant armour {unknown}
 n - 2 scrolls of summoning {unknown}
 r - a scroll of poison {unknown}
 s - a scroll of torment {unknown}
Potions
 h - 2 potions of invisibility {unknown}
 i - 3 potions of curing
 l - 2 potions of berserk rage {unknown}
 m - a potion of resistance {unknown}
 t - a potion of attraction {unknown}
 w - 2 potions of brilliance {unknown}


   Skills:
 - Level 2.0 Fighting
 - Level 3.5 Maces & Flails
 + Level 0.4 Polearms
 - Level 1.7 Throwing
 - Level 2.6 Dodging
 + Level 2.4 Stealth


You had 2 spell levels left.
You didn't know any spells.
Your spell library was empty.

Dungeon Overview and Level Annotations

Branches:
Dungeon (3/15)

Altars:


Innate Abilities, Weirdness & Mutations

You have very sharp fingernails.


Message History

Ye kill tha ball python!
Ye hit tha endoplasm.
Tha endoplasm be severely wounded.
Tha endoplasm freezes ye.
Ye be froz'n.
Ye take 3 damage, an' haf 22/27 hp.
Ye barely miss tha endoplasm.
Tha endoplasm be severely wounded.
Tha scorpion stin's ye.
Ye be poison'd.
Tha scorpion poisons ye!
Tha endoplasm hits ye but does nay damage.
Tha scorpion stin's ye.
Ye take 7 damage, an' haf 15/27 hp.
MASSIVE DAMAGE!!
Ye hit tha endoplasm but do nay damage.
Tha endoplasm be severely wounded.
Ye feel very sick.
Tha endoplasm hits ye but does nay damage.
Tha scorpion stin's ye.
Ye be leth'lly poison'd!
Tha scorpion poisons ye!
Ye take 4 damage, an' haf 11/27 hp.
Ye be too injured ta fight recklessly!
Ye be too injured ta fight recklessly!
Ye be too injured ta fight recklessly!
Ye be too injured ta fight recklessly!
Ye hit tha scorpion but do nay damage.
Tha scorpion be poison'd.
* * * LOW HITPOINT WARNIN'
* * * Ye feel very sick.
Tha endoplasm freezes ye.
Ye be froz'n.
* * * LOW HITPOINT WARNIN'
* * * Tha scorpion misses ye.
Ye take 9 damage, an' haf 2/27 hp.
MASSIVE DAMAGE!!
It was a potion o' curin'.
Ye feel better.
Tha scorpion barely misses ye.
Tha endoplasm freezes ye.
Ye be froz'n.
* * * LOW HITPOINT WARNIN'
* * * Tha scorpion stin's ye.
Ye die...

#.#.### #.....#
#<..#.######## #
.#####.........
#.#........######
.#.########.#
........>...###
.##...#.s.#...#
##.....#@#.#.#
#......#J#†#.#
...#..)(..#.# #
...'.s..###.#
.###....# #.#
...?...# #.#
..#....## ..# #
#.... ### ......


You could see a scorpion (very poisoned) and an endoplasm.

Vanquished Creatures
  An adder (D:2)
  A dart slug (D:1)
  7 ball pythons
  3 endoplasms
  A giant cockroach (D:2)
  3 goblins
  5 hobgoblins
  6 jackals
  A quokka (D:1)
  5 bats
  4 frilled lizards
  7 kobolds
  3 rats (D:2)
47 creatures vanquished.

Notes
Turn   | Place    | Note
-------+----------+-------------------------------------------
     0 | D:1      | ProzacElf the Demonspawn Gladiator began the quest for the
                  | Orb.
     0 | D:1      | Reached XP level 1. HP: 16/16 MP: 1/1
   223 | D:1      | Reached skill level 1 in Stealth
   251 | D:1      | Reached skill level 3 in Maces & Flails
   251 | D:1      | Gained mutation: You have sharp fingernails. [demonic
                  | ancestry]
   251 | D:1      | Reached XP level 2. HP: 15/22 MP: 2/2
   636 | D:1      | Found a faded altar of an unknown god.
   997 | D:2      | Gained mutation: You have very sharp fingernails. [demonic
                  | ancestry]
   997 | D:2      | Reached XP level 3. HP: 27/27 MP: 3/3
  1507 | D:3      | Noticed a scorpion
  1518 | D:3      | Slain by a scorpion

Illustrated notes

Levels and vault maps discovered:
D:1:      giann_forest_graveyard, layout_basic,
          shapermc_ecumenical_altar_mp_urbaneastern, grunt_decor_fettered,
          dreamdust_princess_corridor
D:2:      layout_rooms, hex_intersection, minmay_misc_feat_diagonals
D:3:      layout_basic, gammafunk_temple_overflow_pools,
          minmay_fractal_squares_5

Skill      XL: |  1  2  3 |
---------------+----------+-----
Stealth        | 1 2 |  2.4
Maces & Flails | 3 |  3.5
Fighting       | |  2.0
Polearms       | |  0.4
Throwing       | |  1.7
Dodging        | |  2.6

Action                     || total
---------------------------++-------
  Melee: Flail             ||    98
         Punch             ||     2
         Spear             ||    37
    Use: Potion            ||     1
   Stab: Sleeping          ||     1
 Armour: Leather armour    ||     6
         Scale mail        ||    72
  Dodge: Dodged            ||    95

Action                     || total
---------------------------++-------
  Melee: Flail             ||    98
         Punch             ||     2
         Spear             ||    37
    Use: Potion            ||     1
   Stab: Sleeping          ||     1
 Armour: Leather armour    ||     6
         Scale mail        ||    72
  Dodge: Dodged            ||    95

Levels and vault maps discovered:
D:1:      giann_forest_graveyard, layout_basic,
          shapermc_ecumenical_altar_mp_urbaneastern, grunt_decor_fettered,
          dreamdust_princess_corridor
D:2:      layout_rooms, hex_intersection, minmay_misc_feat_diagonals
D:3:      layout_basic, gammafunk_temple_overflow_pools,
          minmay_fractal_squares_5
